 Dungeon Crawl Stone Soup version 0.21.1-1-g345015f (webtiles) character file.

27 inc the Scratcher (level 2, -8/14 HPs)
             Began as a Felid Chaos Knight on Feb 24, 2018.
             Killed by the capriciousness of Xom (22 damage)
             ... on level 2 of the Dungeon.
             The game lasted 00:01:32 (1203 turns).

inc the Scratcher (Felid Chaos Knight)              Turns: 1203, Time: 00:01:33

Health: -8/14      AC:  1    Str:  8    XL:     2   Next: 93%
Magic:  3/3        EV: 18    Int: 13    God:    Xom [..*...]
Gold:   27         SH:  0    Dex: 15    Spells: 1/1 levels left
                                        Lives:  0   Deaths: 0

rFire    . . .     SeeInvis +     - Unarmed
rCold    . . .     Gourm    .   (shield unavailable)
rNeg     . . .     Faith    .   (armour unavailable)
rPois    .         Spirit   .   (helmet unavailable)
rElec    .         Reflect  .   (cloak unavailable)
rCorr    .         Harm     .   (gloves unavailable)
MR       .....                  (boots unavailable)
Stlth    ++........             (no amulet)
HPRegen  0.04/turn              (no ring)
MPRegen  0.08/turn              (no ring)

@: quick
A: very small, no armour, no weapons or thrown items, stealth, claws 1, fangs 3,
see invisible, carnivore, speed 1, shaggy fur 1, slow metabolism 1, sharp paws
a: Renounce Religion


You were on level 2 of the Dungeon.
You worshipped Xom.
You were a BORING thing.
You were full.

You visited 1 branch of the dungeon, and saw 2 of its levels.

You collected 27 gold pieces.

Inventory:

Scrolls
 d - a scroll of enchant armour {unknown}
 e - a scroll of blinking {unknown}
Potions
 b - a potion of heal wounds {unknown}
 c - 2 potions of curing {unknown}
Comestibles
 a - a ration


   Skills:
 - Level 3.0 Fighting
 - Level 3.2 Dodging
 + Level 4.2 Unarmed Combat


You had one spell level left.
You didn't know any spells.

Dungeon Overview and Level Annotations

Branches:
Dungeon (2/15)

Altars:
Ashenzari


Innate Abilities, Weirdness & Mutations

You cannot wear armour.
You are incapable of wielding weapons or throwing items.
Your paws allow you to move quietly. (Stealth)
You have sharp claws.
You have razor-sharp teeth.
You have supernaturally acute eyesight. (SInv)
You are carnivorous and can eat meat at any time.
You cover ground quickly.
You are covered in fur. (AC +1)
You have a slow metabolism.
Your sharp claws are effective at attacking unaware monsters.


Message History

a dagger; a goblin corpse Xom is getting BORED.
A kobold comes into view.
A kobold is nearby!
You pounce on the unaware helpless kobold!
You claw the kobold!
You kill the kobold!
A dart slug comes into view.
You scratch the dart slug but do no damage.
You scratch the dart slug.
You kill the dart slug!
No target in view!
No target in view!
You are now a BORING thing.
Found a stone staircase leading up.
Xom's power touches on you for a moment.
Energy rips through your body!
Ouch! That really hurt!
You die...
Xom giggles madly!

..(...)...# ..
###.#.###.# .# #
#.#.# #.# #####<#
∆ #.#.#
#.####.....#
###..#.##..
...?..# .....##..#
#.....# ###..#.#.#
#.....# ....#.##.#
#.....# #####.##.#
#@# #.##.# #.#
#####.##.#######.#
....†..........#.#
.................#
#############...##
###...###
#.......#
#..........


There were no monsters in sight!

Vanquished Creatures
  2 dart slugs
  2 leopard geckos (D:1)
  A giant cockroach (D:1)
  A goblin (D:2)
  2 hobgoblins (D:1)
  3 kobolds
  A ball python (D:2)
  3 bats (D:1)
  4 frilled lizards (D:1)
  3 rats
22 creatures vanquished.

Notes
Turn   | Place    | Note
-------+----------+-------------------------------------------
     0 | D:1      | inc the Felid Chaos Knight began the quest for the Orb.
     0 | D:1      | Reached XP level 1. HP: 10/10 MP: 2/2
   151 | D:1      | Found a shattered altar of Ashenzari.
   330 | D:1      | Reached XP level 2. HP: 12/14 MP: 3/3
   964 | D:1      | XOM: harmless Summ miscast
  1029 | D:1      | Reached skill level 4 in Unarmed Combat
  1067 | D:2      | XOM: divination: detect items
  1203 | D:2      | XOM is BORED!
  1203 | D:2      | XOM: medium Conj miscast
  1203 | D:2      | Killed by the capriciousness of Xom

Skill      XL: |  1  2 |
---------------+-------+-----
Unarmed Combat | 4 |  4.2
Fighting       | |  3.0
Dodging        | |  3.2

Action                   || total
-------------------------++-------
Melee: Unarmed           ||    61
       Punch             ||     1
       Bite              ||     1
 Stab: Sleeping          ||     2
  Eat: Chunk             ||     5
Armor: Skin              ||     2
Dodge: Dodged            ||    55
